 Dungeon Crawl Stone Soup version 0.17.0-23-g0de4337 (webtiles) character file.

7 Gorice the Grave Robber (level 1, 0/13 HPs)
             Began as a Demonspawn Wanderer on Nov 14, 2015.
             Slain by a jackal (2 damage)
             ... on level 1 of the Dungeon.
             The game lasted 00:02:04 (483 turns).

Gorice the Grave Robber (Demonspawn Wanderer)        Turns: 483, Time: 00:02:04

Health: 0/13       AC:  5    Str: 11    XL:     1   Next: 83%
Magic:  0/4        EV:  9    Int: 13    God:
Gold:   16         SH:  0    Dex: 13    Spells: 2 memorised, 4 levels left

rFire  . . .     SeeInvis .     e - +0 dagger
rCold  . . .     Clarity  .     j - +0 ring mail
rNeg   . . .     SustAt   .     (no shield)
rPois  .         Gourm    .     (no helmet)
rElec  .         Spirit   .     (no cloak)
rCorr  .         Warding  .     (no gloves)
rMut   .         Stasis   .     (no boots)
MR     .....                    (no amulet)
Stlth  +.........               (no ring)
                                (no ring)

@: not resistant to hostile enchantments, very unstealthy
A: no striking features
a: no special abilities


You were on level 1 of the Dungeon.
You were not hungry.

You visited 1 branch of the dungeon, and saw 1 of its levels.

You collected 16 gold pieces.

Inventory:

Hand Weapons
 e - a +0 dagger (weapon)
Missiles
 Z - 16 stones (quivered)
Armour
 d - a +0 robe
 j - a +0 ring mail (worn)
Scrolls
 c - a scroll of teleportation {!r}
 h - 2 scrolls of identify {unknown}
 k - a scroll of amnesia {unknown}
Potions
 g - a potion of agility {unknown}
 l - a potion of curing {unknown}
Books
 a - a book of Necromancy
 b - Cigotuvi's Disquisition on Shape Shifting

   Spells                             Type                      Level
   a - Beastly Appendage              Transmutation                1
   b - Ignite Poison                  Fire/Transmutation/Poison    3
Comestibles
 f - a bread ration {!e}


   Skills:
   Level 1.7 Shields
 + Level 3.0 Spellcasting
 * Level 3.7 Necromancy
   Level 2.0 Poison Magic


You had 4 spell levels left.
You knew the following spells:

 Your Spells              Type           Power        Failure   Level  Hunger
a - Pain                  Necr           ##..         12%         1    #......
b - Animate Skeleton      Necr           N/A          12%         1    #......


Dungeon Overview and Level Annotations

Branches:
Dungeon (1/15)

Altars:


Message History

The jackal convulses in agony!
The jackal bites you but does no damage. x2
Damage: 1 (max 1) Unknown command.
You hit the jackal.
The jackal is almost dead.
The jackal bites you.
Damage: 1 (max 1)
You hit the jackal.
You kill the jackal!
You hit the jackal.
The jackal is moderately wounded.
The jackal bites you.
The jackal bites you but does no damage.
Damage: 2 (max 2)
You closely miss the jackal.
The jackal is moderately wounded.
The jackal bites you but does no damage.
A goblin comes into view.
You barely miss the jackal.
The jackal is lightly wounded.
The jackal closely misses you.
You hit the jackal.
The jackal is moderately wounded.
The jackal bites you. The jackal barely misses you.
Damage: 2 (max 2)
You barely miss the jackal.
The jackal is moderately wounded.
The jackal closely misses you.
You miss the jackal.
The jackal is lightly wounded.
The jackal closely misses you. The jackal completely misses you.
You closely miss the jackal.
The jackal is lightly wounded.
The jackal bites you.
* * * LOW HITPOINT WARNING * * *
Damage: 2 (max 2) Unknown command.
Drink which item? (? for menu, Esc to quit)
Okay, then.
The jackal bites you but does no damage.
Casting: Pain
Confirm with . or Enter, or press ? or * to list all spells.
Aiming: Pain
Press: ? - help, Shift-Dir - straight line, f - jackal
Aim: a jackal (lightly wounded, chance to defeat MR: 90%)
The jackal convulses in agony!
Damage: 1 (max 2)
The jackal bites you.
You die...

..... #......#.####.#
.....##.### #.......#
#........# #.......#
#........# #.......#
.##........# #.......# ##
..#........# #.......##### .##
...........# #.g..........
#.##...........####h##.#......
##.##...........@.#.##.#......
.##.#............hh...........
#.#.#.#........##.#....##...##
#.#.#.#......####.#..#.# .#
#.#.#.#..................
#.#.#.#..........##.##..#..
#.#.#.#.........)##.##.#....#
.##.#.#.....................#
##.##.#.....>....##.#....## #


You could see 2 jackals.

Vanquished Creatures
  A giant cockroach (D:1)
  2 jackals (D:1)
  2 giant newts (D:1)
  A kobold (D:1)
  A rat (D:1)
7 creatures vanquished.

Notes
Turn   | Place    | Note
--------------------------------------------------------------
     0 | D:1      | Gorice the Demonspawn Wanderer began the quest for the Orb.
     0 | D:1      | Gorice set off with: a book of Necromancy, Cigotuvi's Disquisition on Shape Shifting, a scroll of teleportation {!r}, a +0 robe, a +0 dagger, a bread ration {!e}
     0 | D:1      | Reached XP level 1. HP: 13/13 MP: 4/4
     0 | D:1      | Identified Cigotuvi's Disquisition on Shape Shifting
     2 | D:1      | Learned a level 1 spell: Animate Skeleton
     4 | D:1      | Learned a level 1 spell: Pain
   479 | D:1      | HP: 3/13 [jackal (2)]
   483 | D:1      | Slain by a jackal

Action                   || total
-------------------------++-------
Melee: Dagger            ||    15
 Cast: Pain              ||    14

Table legend:
 A = Turns spent in this place as a percentage of turns spent in the entire game.
 B = Non-inter-level travel turns spent in this place as a percentage of non-inter-level travel turns spent in the entire game.
 C = Inter-level travel turns spent in this place as a percentage of turns spent in this place.
 D = Turns resting spent in this place as a percentage of non-inter-level travel turns spent in this place.
 E = Turns spent auto-exploring this place as a percentage of non-inter-level travel turns spent in this place.
 F = Non-inter-level travel turns spent in this place divided by the number of levels of this place that you've seen.
                   A       B       C       D       E      F
               +-------+-------+-------+-------+-------+----------------------
         Total | 100.0 | 100.0 |   0.0 |   2.2 |   5.1 | 136.0
       Dungeon | 100.0 | 100.0 |   0.0 |   2.2 |   5.1 | 136.0
               +-------+-------+-------+-------+-------+----------------------

Vault maps used:
D:1:      evilmike_arrival_rings, hangedman_abyss_or_decor_lesser_grid
